 Dungeon Crawl Stone Soup version 0.18.1-48-g4cf74bf (webtiles) character file.

30205 Justsplatmyhpup the Black Belt (level 13, -2/94 HPs)
             Began as a Demonspawn Monk on Aug 12, 2016.
             Was a Believer of Ru.
             Killed by divine providence
             ... invoked by an orc priest
              (15 damage)
             ... on level 13 of the Dungeon.
             The game lasted 00:33:33 (17830 turns).

Justsplatmyhpup the Black Belt (Demonspawn Monk)   Turns: 17830, Time: 00:33:33

Health: -2/94      AC: 10    Str: 11    XL:     13   Next: 19%
Magic:  15/15      EV: 20    Int: 13    God:    Ru [**....]
Gold:   1022       SH:  0    Dex: 23    Spells: 0 memorised, 12 levels left

rFire  . . .     SeeInvis .       - Unarmed
rCold  + . .     Gourm    .     G - +0 ring mail
rNeg   . . .     Faith    .     (no shield)
rPois  +         Spirit   .     (helmet restricted)
rElec  .         Dismiss  .     j - +0 cloak
rCorr  .         Reflect  .     I - +0 pair of gloves
SustAt .         Harm     .     q - +0 pair of boots
MR     .....                    l - amulet of rage
Stlth  ..........               o - ring of poison resistance
                                v - +3 ring of dexterity

@: not resistant to hostile enchantments, extremely unstealthy
A: horns 1, talons 2, cold resistance 1, spiny 2, freezing cloud immunity, no
stealth, no earth magic, no necromancy magic, no translocations magic, sturdy
frame 3
a: Renounce Religion, Evoke Berserk Rage


You were on level 13 of the Dungeon.
You worshipped Ru.
Ru was pleased with you.
You were not hungry.

You visited 2 branches of the dungeon, and saw 14 of its levels.
You also visited: Ice Cave.

You collected 1407 gold pieces.
You spent 385 gold pieces at shops.

Inventory:

Armour
 j - a +0 cloak (worn)
 q - a +0 pair of boots (worn)
 G - a +0 ring mail (worn)
 I - a +0 pair of gloves (worn)
Jewellery
 l - an amulet of rage (around neck)
 o - a ring of poison resistance (right hand)
 v - a +3 ring of dexterity (left hand)
 D - an uncursed ring of positive energy
Wands
 g - a wand of disintegration (16/24)
 h - a wand of lightning (13/15)
 H - a wand of confusion (34/48)
Scrolls
 a - a scroll of fog
 d - 5 scrolls of immolation
 e - 6 scrolls of recharging
 k - 5 scrolls of fear
 n - 7 scrolls of teleportation
 u - 3 scrolls of amnesia
 y - 10 scrolls of remove curse
 J - a scroll of magic mapping
Potions
 i - 2 potions of might
 m - 3 potions of curing
 p - a potion of agility
 r - a potion of mutation
 s - 3 potions of haste
 t - 3 potions of flight
 x - 3 potions of cancellation
 z - 3 potions of heal wounds {unknown}
 B - a potion of lignification {unknown}
 E - a potion of cure mutation
Comestibles
 b - 6 bread rations
 c - a slice of pizza
 f - 3 beef jerkies
 w - 5 chunks of flesh
 A - 3 meat rations
 C - 20 fruits


   Skills:
 - Level 6.5 Fighting
 - Level 8.2 Armour
 - Level 10.2 Dodging
 - Level 15.0 Unarmed Combat
 + Level 3.5 Evocations


You had 12 spell levels left.
You didn't know any spells.

Dungeon Overview and Level Annotations

Branches:
Dungeon (13/15)            Temple (1/1) D:7            Lair (0/8) D:11
    Orc (0/2) D:12
 Vaults: D:13-14

Altars:
Ashenzari
Cheibriados
Dithmenos
Elyvilon
Fedhas
Gozag
Kikubaaqudgha
Makhleb
Nemelex Xobeh
Okawaru
Pakellas
Qazlal
Ru
Sif Muna
Trog
Vehumet
Xom
Yredelemnul
Zin
The Shining One

Shops:
D:7 }=[!

Annotations:
D:8 Gastronok


Innate Abilities, Weirdness & Mutations

You have razor-sharp toenails.
Your flesh is cold resistant.
You are mostly covered in sharp spines.
You are immune to freezing clouds.
You cannot be stealthy.
You cannot study or cast Earth magic.
You cannot study or cast Necromancy magic.
You cannot study or cast Translocations magic.
Your movements are significantly less encumbered by armour (ER -6).
You have a pair of small horns on your head.


Message History

The gargoyle hurls a stone arrow at you.
The stone arrow misses you.
The gargoyle hurls a stone arrow at you.
The stone arrow hits you!
You hit the orc priest.
The orc priest is lightly wounded.
The orc priest completely misses you.
You hit the orc priest.
You headbutt the orc priest, but do no damage.
You punch the orc priest.
The orc priest is moderately wounded.
The orc priest misses you.
The gargoyle hurls a stone arrow at you.
The stone arrow hits you!
* * * LOW HITPOINT WARNING * * *
Drink which item? (? for menu, Esc to quit)
You feel better.
The orc priest invokes the aid of Beogh against you.
Beogh smites you!
You die...

#....# #....## #.....+
#.....+ #.....#####
#.........#
###+####..o.......
....!....9@)......
...........)####+###
............#......#
.........†..#......#
......†.....#......#.......
#+########'##......#.......
..............(.#.......
................#.......
######..........#.......


You could see a gargoyle and an orc priest.

Vanquished Creatures
  Erolcha (D:8)
  2 ice dragons (IceCv)
  3 hydras
  2 centaur warriors
  The ghost of CountDeLaPain the Blocker, a novice MiFi of Okawaru (D:9)
  An ogre mage (D:11)
  An unseen horror (D:12)
  Pikel (D:5)
  The ghost of turokix the Magician, a novice GrWz (D:7)
  7 hill giants
  2 ugly things (D:11)
  The ghost of Justsplatmyhpup the Martial Artist, a novice DsMo of Ru (D:6)
  A manticore (D:12)
  2 cyclopes (D:11)
  Maurice (D:9)
  2 ice statues (IceCv)
  2 centaur skeletons
  4 kobold demonologists
  2 tengu conjurers (D:10)
  2 trolls
  4 two-headed ogres
  A vampire (D:11)
  A wraith (D:12)
  A basilisk (D:13)
  4 yaks (D:13)
  5 hippogriffs
  4 hungry ghosts
  A mottled dragon (D:13)
  7 jellies
  3 water moccasins
  7 orc warriors
  3 sky beasts
  2 black bears
  Duvessa (D:5)
  27 ice beasts
  13 ogres
  A slave (D:5)
  3 necrophages
  5 centaurs
  3 big kobolds
  5 giant frogs
  A wyvern zombie (D:10)
  Dowan (D:5)
  6 scorpions
  A water moccasin skeleton (D:4)
  A killer bee (D:10)
  16 wights
  2 howler monkeys (D:13)
  2 wasp zombies
  6 crimson imps
  A centaur zombie (D:8)
  2 quasits
  2 gnoll shamans (D:7)
  4 giant frog zombies
  6 hounds
  3 giant frog skeletons
  9 orc priests
  15 orc wizards
  Natasha (thrice) (D:3)
  8 worker ants
  3 iguanas
  A killer bee zombie (D:10)
  2 hound skeletons
  Robin (D:3)
  A howler monkey zombie (D:2)
  2 worker ant zombies
  17 gnolls
  A howler monkey skeleton (D:5)
  9 adders
  2 shadow imps
  An adder skeleton (D:2)
  3 adder zombies
  2 worms
  A dart slug (D:3)
  7 giant geckos
  74 orcs
  2 ball pythons
  3 bat skeletons (D:2)
  2 bat zombies (D:2)
  3 giant cockroaches
  5 hobgoblins
  7 jackals
  5 quokkas
  A ball python skeleton (D:2)
  3 bats
  A giant cockroach zombie (D:5)
  A giant gecko skeleton (D:2)
  12 goblins
  A jackal zombie (D:5)
  7 kobolds
  A quokka skeleton (D:5)
  A quokka zombie (D:2)
  3 rats
414 creatures vanquished.

Vanquished Creatures (others)
  A slave (D:5)
  An ice beast (IceCv)
  A centaur (D:5)
  A centaur zombie (D:11)
  A hound (D:5)
  An orc wizard (D:5)
  An adder (D:5)
7 creatures vanquished.

Grand Total: 421 creatures vanquished

Notes
Turn   | Place    | Note
--------------------------------------------------------------
     0 | D:1      | Justsplatmyhpup the Demonspawn Monk began the quest for the Orb.
     0 | D:1      | Reached XP level 1. HP: 18/18 MP: 1/1
   632 | D:1      | Reached skill level 4 in Unarmed Combat
   635 | D:1      | Gained mutation: You are partially covered in sharp spines. [demonic ancestry]
   635 | D:1      | Reached XP level 2. HP: 3/24 MP: 2/2
  1063 | D:2      | Found a white marble altar of Elyvilon.
  1176 | D:2      | Found a faded altar to an unknown god.
  1177 | D:2      | Found a glowing silver altar of Zin.
  1187 | D:2      | Gained mutation: Your movements are slightly less encumbered by armour (ER -2). [demonic ancestry]
  1187 | D:2      | Reached XP level 3. HP: 29/29 MP: 3/3
  1215 | D:2      | Reached skill level 5 in Unarmed Combat
  1215 | D:2      | Gained mutation: Your flesh is cold resistant. [demonic ancestry]
  1215 | D:2      | Reached XP level 4. HP: 10/35 MP: 4/4
  1880 | D:3      | Noticed Natasha
  1885 | D:3      | Killed Natasha
  2006 | D:3      | Gained mutation: Your movements are less encumbered by armour (ER -4). [demonic ancestry]
  2006 | D:3      | Reached XP level 5. HP: 41/41 MP: 5/5
  2015 | D:3      | Noticed Robin
  2026 | D:3      | Killed Robin
  2362 | D:3      | Noticed Natasha
  2370 | D:3      | Killed Natasha
  2370 | D:3      | Reached skill level 6 in Unarmed Combat
  2402 | D:3      | Noticed Natasha
  2404 | D:3      | Killed Natasha
  2829 | D:4      | Gained mutation: You are mostly covered in sharp spines. [demonic ancestry]
  2829 | D:4      | Reached XP level 6. HP: 39/47 MP: 6/6
  3025 | D:4      | Reached skill level 7 in Unarmed Combat
  3594 | D:5      | Entered Level 5 of the Dungeon
  3597 | D:5      | Reached XP level 7. HP: 52/52 MP: 7/7
  3674 | D:5      | Found an opulent altar of Gozag.
  3705 | D:5      | Reached skill level 8 in Unarmed Combat
  3923 | D:5      | Noticed Pikel
  3940 | D:5      | HP: 2/52 [Pikel/whip of flaming (3)]
  3949 | D:5      | Killed Pikel
  3949 | D:5      | Gained mutation: You have sharp toenails. [demonic ancestry]
  3949 | D:5      | Reached XP level 8. HP: 2/58 MP: 8/8
  4339 | D:5      | Noticed Duvessa
  4339 | D:5      | Noticed Dowan
  4358 | D:5      | Killed Duvessa
  4367 | D:5      | Killed Dowan
  4895 | D:5      | Gained mutation: You possess an exceptional clarity of mind. [potion of beneficial mutation]
  5276 | D:6      | Found a shimmering altar of Xom.
  5292 | D:6      | Noticed Justsplatmyhpup's ghost (novice DsMo)
  5309 | D:6      | Killed Justsplatmyhpup's ghost
  5309 | D:6      | Reached skill level 9 in Unarmed Combat
  5309 | D:6      | Gained mutation: You are immune to freezing clouds. [demonic ancestry]
  5309 | D:6      | Reached XP level 9. HP: 26/63 MP: 9/9
  5619 | D:6      | Found a burning altar of Makhleb.
  5620 | D:6      | Found a radiant altar of Vehumet.
  5733 | D:7      | Found Ixyhoehi's Distillery.
  5762 | D:7      | Found a staircase to the Ecumenical Temple.
  5768 | Temple   | Entered the Ecumenical Temple
  5772 | Temple   | Became a worshipper of Ru the Awakened
  5846 | Temple   | Gained mutation: You cannot be stealthy. [Ru sacrifice]
  5853 | D:7      | Noticed turokix's ghost (novice GrWz)
  5880 | D:7      | Killed turokix's ghost
  5880 | D:7      | Reached skill level 10 in Unarmed Combat
  6651 | D:7      | Found a snail-covered altar of Cheibriados.
  6723 | D:7      | Found Jobrilakh's Gadget Shop.
  7208 | D:7      | Found Xigeori's Jewellery Emporium.
  7246 | D:7      | You fall through a shaft for 3 floors!
  7246 | D:10     | Entered Level 10 of the Dungeon
  7301 | D:10     | Noticed a tengu conjurer
  7307 | D:10     | Killed a tengu conjurer
  7307 | D:10     | Reached XP level 10. HP: 56/70 MP: 10/10
  7417 | D:10     | Reached skill level 1 in Armour
  8115 | D:8      | Noticed Erolcha
  8126 | D:8      | Killed Erolcha
  8126 | D:8      | Reached skill level 5 in Armour
  8221 | D:8      | Noticed Gastronok
  8253 | D:7      | Found Ufevasao's Antique Armour Boutique.
  8411 | D:8      | Found a glowing golden altar of the Shining One.
  8532 | D:8      | Noticed a hill giant
  8538 | D:8      | Reached skill level 11 in Unarmed Combat
  8795 | D:8      | Killed a hill giant
  9575 | D:7      | Bought a potion of beneficial mutation for 385 gold pieces
  9576 | D:7      | Lost mutation: You possess an exceptional clarity of mind. [potion of cure mutation]
  9577 | D:7      | Gained mutation: You have a pair of small horns on your head. [potion of beneficial mutation]
 10009 | D:9      | Noticed Maurice
 10020 | D:9      | Killed Maurice
 10020 | D:9      | Reached skill level 10 in Dodging
 10200 | D:9      | Gained mutation: You have razor-sharp toenails. [demonic ancestry]
 10200 | D:9      | Reached XP level 11. HP: 56/78 MP: 11/11
 10521 | D:9      | Noticed CountDeLaPain's ghost (novice MiFi)
 10812 | D:9      | HP: 3/78 [CountDeLaPain's ghost (1)]
 10814 | D:9      | Killed CountDeLaPain's ghost
 11538 | D:10     | Noticed a hill giant
 11544 | D:10     | Killed a hill giant
 11566 | D:10     | Reached skill level 12 in Unarmed Combat
 11640 | D:10     | Noticed a centaur warrior
 11648 | D:10     | Killed a centaur warrior
 11817 | D:10     | Noticed a hill giant
 11824 | D:10     | Killed a hill giant
 12085 | D:10     | Reached skill level 13 in Unarmed Combat
 12395 | D:10     | Noticed a hill giant
 12402 | D:10     | Killed a hill giant
 12402 | D:10     | Reached skill level 5 in Fighting
 12660 | D:10     | Noticed a hill giant
 12661 | D:10     | Noticed a soul eater
 12690 | D:10     | Killed a hill giant
 13411 | D:11     | Noticed an ogre mage
 13429 | D:11     | Reached XP level 12. HP: 62/89 MP: 12/12
 13457 | D:11     | Killed an ogre mage
 13601 | D:11     | Noticed a six-headed hydra
 13608 | D:11     | Killed a six-headed hydra
 13730 | D:11     | Found a frozen archway.
 13745 | D:11     | Reached skill level 14 in Unarmed Combat
 13764 | IceCv    | Entered an ice cave
 13782 | IceCv    | Gained mutation: You cannot study or cast Earth magic. [Ru sacrifice]
 13782 | IceCv    | Gained mutation: You cannot study or cast Necromancy magic. [Ru sacrifice]
 13782 | IceCv    | Gained mutation: You cannot study or cast Translocations magic. [Ru sacrifice]
 13782 | IceCv    | Reached * piety under Ru
 13782 | IceCv    | Reached ** piety under Ru
 14026 | IceCv    | Noticed an ice dragon
 14027 | IceCv    | Noticed an ice dragon
 14039 | IceCv    | Killed an ice dragon
 14044 | IceCv    | HP: 1/133 [ice dragon/blast of cold (10)]
 14047 | IceCv    | Killed an ice dragon
 16013 | D:11     | Found a staircase to the Lair.
 16027 | D:11     | Noticed a centaur warrior
 16035 | D:11     | Killed a centaur warrior
 16541 | D:12     | Noticed a six-headed hydra
 16550 | D:12     | Killed a six-headed hydra
 16880 | D:12     | Found a staircase to the Orcish Mines.
 17230 | D:12     | Gained mutation: Your movements are significantly less encumbered by armour (ER -6). [demonic ancestry]
 17230 | D:12     | Reached XP level 13. HP: 94/94 MP: 13/13
 17540 | D:12     | Reached skill level 15 in Unarmed Combat
 17625 | D:13     | Reached skill level 1 in Evocations
 17830 | D:13     | Killed from afar by an orc priest

Skill      XL: |  1  2  3  4  5  6  7  8  9 10 11 12 13 |
---------------+----------------------------------------+-----
Unarmed Combat | 4 5 6 7 8 9 10 11 13 14 15 | 15.0
Dodging        | 6 7 9 10 | 10.2
Stealth        | 0 |  0.0
Armour         | 5 8 |  8.2
Fighting       | 4 6 |  6.5
Evocations     | 3 |  3.5

Action                   |  1- 3 |  4- 6 |  7- 9 | 10-12 | 13-15 || total
-------------------------+-------+-------+-------+-------+-------++-------
Melee: Unarmed           |    64 |   122 |   222 |   772 |    69 ||  1249
       Punch             |     1 |     3 |     6 |    54 |     8 ||    72
       Kick              |       |       |    49 |       |       ||    49
       Headbutt          |       |       |       |   140 |    17 ||   157
Invok: Sacrifice Stealth |       |       |     1 |       |       ||     1
       Reject Sacrifices |       |       |       |     1 |       ||     1
       Sacrifice Arcana  |       |       |       |     1 |       ||     1
Evoke: Wand              |       |       |     1 |     4 |       ||     5
  Use: Scroll            |     8 |     9 |     7 |     8 |     1 ||    33
       Potion            |       |       |     1 |     6 |     1 ||     8
 Stab: Sleeping          |     2 |    10 |     5 |       |       ||    17
       Distracted        |       |     1 |     1 |     2 |     1 ||     5
       Invisible         |       |       |       |     5 |       ||     5
  Eat: Chunk             |       |     8 |     6 |    21 |     2 ||    37
       Bread ration      |       |       |     2 |     2 |       ||     4
       Beef jerky        |       |       |       |     1 |       ||     1
Armor: Robe              |    14 |    10 |       |       |       ||    24
       Leather armour    |       |     4 |    18 |       |       ||    22
       Ring mail         |       |       |    15 |   128 |    15 ||   158
Dodge: Dodged            |    51 |    55 |   119 |   563 |    58 ||   846
